 Dungeon Crawl Stone Soup version 0.14-a0-1076-gee4852e (console) character file.

861 Zarnosh the Grave Robber (level 7, 0/46 HPs)
             Began as a Human Necromancer on Nov 25, 2013.
             Killed from afar by an orc wizard (7 damage)
             ... with a magic dart
             ... on Level 4 of the Dungeon.
             The game lasted 01:02:22 (7028 turns).

Zarnosh the Grave Robber (Human Necromancer)        Turns: 7028, Time: 01:02:23

HP   0/46        AC  3     Str 10      XL: 7   Next: 91%
MP  12/16        EV 12     Int 16      God:
Gold 186         SH  0     Dex 13      Spells:  4 memorised,  5 levels left

rFire  . . .     SeeInvis .     e - +2,+1 elf short sword
rCold  . . .     Clarity  .     n - +0 leather armour
rNeg   . . .     Conserve .     (no shield)
rPois  .         rCorr    .     (no helmet)
rElec  .         rRot     .     (no cloak)
SustAb . .       Spirit   .     (no gloves)
rMut   .         Warding  .     (no boots)
Saprov . . .     Stasis   .     (no amulet)
                                (no ring)
                                (no ring)

@: slightly resistant to hostile enchantments, fairly stealthy
A: no striking features
a: no special abilities


You were on level 4 of the Dungeon.
You were hungry.

You visited 1 branch of the dungeon, and saw 4 of its levels.

You collected 186 gold pieces.

Inventory:

Hand weapons
 d - a +0,+0 dagger
 e - a +2,+1 elven short sword (weapon)
 g - a +1,+1 dagger
 l - a +0,+0 dagger
 q - a +2,+2 elven short sword
 r - a +0,+2 dwarven dagger of venom
 v - a +0,+4 dagger
 B - a +1,+1 orcish anti-magic war axe
 E - a +3,+2 dwarven anti-magic dagger
Missiles
 o - 36 stones
 p - 16 poisoned needles
 s - a dart (quivered)
 x - 3 darts of flame
 C - 19 sling bullets
Armour
 a - a +0 robe
 n - a +0 leather armour (worn)
 z - a +0 orcish leather armour
Magical devices
 F - a wand of cold (9) {unknown}
Comestibles
 c - a bread ration
 G - a chunk of rat flesh
Scrolls
 h - 2 scrolls of enchant weapon II {unknown}
 j - 2 scrolls of identify
 m - 2 scrolls of random uselessness {unknown}
 u - 2 scrolls of remove curse {unknown}
 y - 2 scrolls of curse weapon {unknown}
 D - a scroll of enchant armour {unknown}
Potions
 f - a potion of speed
 i - 2 potions of curing {unknown}
 k - 2 potions of heal wounds {unknown}
 t - a potion of brilliance {unknown}
 w - a potion of berserk rage {unknown}
 A - a potion of paralysis {unknown}
Books
 b - a book of Necromancy

   Spells                             Type                      Level
   *Pain                              Necromancy                   1
   *Animate Skeleton                  Necromancy                   1
   Lethal Infusion                    Charms/Necromancy            2
   *Vampiric Draining                 Necromancy                   3
   Regeneration                       Charms/Necromancy            3
   *Animate Dead                      Necromancy                   4
   Control Undead                     Necromancy                   4


   Skills:
 + Level 0.6 Fighting
 + Level 0.6 Short Blades
 + Level 2.2 Armour
 + Level 3.4 Dodging
 + Level 2.5 Stealth
 + Level 4.4 Spellcasting
 + Level 6.1 Necromancy


You had 5 spell levels left.
You knew the following spells:

 Your Spells              Type           Power        Failure   Level  Hunger
a - Pain                  Necr           ###.         1%          1    None
b - Animate Skeleton      Necr           N/A          1%          1    None
c - Animate Dead          Necr           N/A          14%         4    ####...
d - Vampiric Draining     Necr           ###.......   4%          3    ###....


Dungeon Overview and Level Annotations

Branches:
Dungeon (4/16)             Temple (0/1) D:4

Altars:
Cheibriados
Nemelex Xobeh
Trog


Message History

The puff of frost hits you!
* * * LOW HITPOINT WARNING * * *
Something closely misses the orc priest.
Casting: Pain
Confirm with . or Enter, or press ? or * to list all spells.
Aiming: Pain
Press: ? - help, Shift-Dir - straight line, f - orc wizard
Aim: an orc wizard, wielding an orcish dagger and wearing an orcish robe (moderately wounded, moving very quickly)
The orc wizard resists with some effort.
Casting: Pain
Confirm with . or Enter, or press ? or * to list all spells.
Aiming: Pain
Press: ? - help, Shift-Dir - straight line, f/p - orc wizard
Aim: an orc wizard, wielding an orcish dagger and wearing an orcish robe (moderately wounded, moving very quickly)
The orc wizard convulses in agony!
The orc wizard hits you but does no damage.
The orc priest's eyes start to glow.
The orc wizard gestures at you while chanting.
The magic dart hits you!
You die...

..#<# ##..####
.......###########
..........zzz....#
###.#...########.#
.#...#.#.# #.#
..#..(....# #.#
####.#.#..# #.# #
##...#.# #.# #
#.##.# ###.### #.#
.. #..@..# ..#
#..o..# #....)#
#..o..# #.....#
####.## #.######.#
......)..#
#.#####zo# #o)#
#.o#


You could see 2 orc priests and an orc wizard.

Vanquished Creatures
  The ghost of Leibowitz the Ducker, an average KoGl (D:4)
  A sky beast (D:3)
  An ogre (D:4)
  An eye of draining (D:4)
  3 orc priests
  A worker ant (D:3)
  9 adders
  2 giant mites
  A worm (D:3)
  3 giant geckos
  8 orcs
  5 giant cockroaches
  8 hobgoblins
  6 jackals
  A quokka (D:2)
  8 bats
  5 giant newts
  8 goblins
  6 kobolds
  A kobold skeleton (D:4)
  7 rats
  3 butterflies (D:4)
89 creatures vanquished.

Vanquished Creatures (collateral kills)
  An orc priest (D:4)
  An orc wizard (D:4)
  An adder (D:3)
  A giant mite (D:3)
  A giant gecko (D:3)
  An ooze (D:3)
  6 orcs
  3 bats
  2 goblins
  A jackal (D:3)
  A giant newt (D:2)
  5 rats
24 creatures vanquished.

Vanquished Creatures (others)
  A worm zombie (D:4)
  2 adder skeletons (D:3)
  3 bat skeletons
  A bat zombie (D:4)
  2 goblin skeletons (D:4)
  A goblin zombie (D:3)
  A hobgoblin skeleton (D:3)
  A jackal skeleton (D:3)
  A kobold skeleton (D:3)
  4 orc zombies (D:4)
  2 rat skeletons
19 creatures vanquished.

Grand Total: 132 creatures vanquished

Notes
Turn   | Place    | Note
--------------------------------------------------------------
     0 | D:1      | Zarnosh, the Human Necromancer, began the quest for the Orb.
     0 | D:1      | Reached XP level 1. HP: 13/13 MP: 3/3
     3 | D:1      | Learned a level 1 spell: Animate Skeleton
   201 | D:1      | Reached XP level 2. HP: 8/19 MP: 1/4
   919 | D:1      | Reached XP level 3. HP: 24/24 MP: 6/6
  2144 | D:2      | Reached XP level 4. HP: 25/30 MP: 4/8
  2622 | D:2      | Found a snail-covered altar of Cheibriados.
  3144 | D:3      | Reached XP level 5. HP: 22/35 MP: 1/10
  3296 | D:3      | Reached skill level 5 in Necromancy
  3904 | D:3      | Noticed a sky beast
  3912 | D:3      | Killed a sky beast
  3912 | D:3      | Reached XP level 6. HP: 17/41 MP: 5/13
  4251 | D:3      | Reached skill level 1 in Armour
  4258 | D:3      | Learned a level 4 spell: Animate Dead
  4977 | D:3      | Found a glowing drain.
  5112 | D:3      | Learned a level 3 spell: Vampiric Draining
  5177 | D:4      | Noticed Leibowitz's ghost (average KoGl)
  6257 | D:4      | Killed Leibowitz's ghost
  6257 | D:4      | Reached XP level 7. HP: 35/46 MP: 12/16
  6360 | D:4      | Found a sparkling altar of Nemelex Xobeh.
  6625 | D:4      | Found a staircase to the Ecumenical Temple.
  6706 | D:4      | Reached skill level 6 in Necromancy
  6710 | D:4      | Found a bloodstained altar of Trog.
  7028 | D:4      | Killed from afar by an orc wizard

Action                   |  1- 3 |  4- 6 |  7- 9 || total
-------------------------+-------+-------+-------++-------
Melee: Unarmed           |     6 |       |       ||     6
       Short sword       |    35 |    88 |    40 ||   163
Throw: Dart              |     1 |     1 |       ||     2
       Stone             |       |     2 |       ||     2
 Cast: Pain              |    41 |    74 |    28 ||   143
       Animate Skeleton  |    17 |    18 |     3 ||    38
       Animate Dead      |       |     6 |     2 ||     8
  Use: Scroll            |     2 |       |       ||     2
 Stab: Distracted        |       |       |     1 ||     1
